 Dungeon Crawl Stone Soup version 0.21-a0-88-g13b9641 (webtiles) character file.

228 gauge632 the Slasher (level 6, -1/49 HPs)
             Began as a Human Berserker on June 27, 2017.
             Was a Follower of Trog.
             Slain by a gnoll
             ... wielding a +2 flail of protection
              (3 damage)
             ... on level 3 of the Dungeon.
             The game lasted 00:08:44 (1276 turns).

gauge632 the Slasher (Human Berserker)              Turns: 1276, Time: 00:08:47

Health: -1/49      AC:  8    Str: 19    XL:     6   Next: 23%
Magic:  6/6        EV: 11    Int:  8    God:    Trog [*.....]
Gold:   31         SH:  0    Dex: 12    Spells: 5/5 levels left

rFire    . . .     SeeInvis .   e - +1 scythe (venom)
rCold    . . .     Gourm    .   (shield currently unavailable)
rNeg     . . .     Faith    .   h - +0 ring mail
rPois    .         Spirit   .   (no helmet)
rElec    .         Reflect  .   (no cloak)
rCorr    .         Harm     .   i - +2 pair of gloves
MR       .....                  (no boots)
Stlth    +.........             (no amulet)
HPRegen  0.16/turn              (no ring)
MPRegen  0.10/turn              (no ring)

@: berserk cooldown, slowed, very slow
A: no striking features
a: Berserk, Burn Spellbooks, Renounce Religion


You were on level 3 of the Dungeon.
You worshipped Trog.
Trog was aware of your devotion.
You were not hungry.

You visited 1 branch of the dungeon, and saw 3 of its levels.

You collected 31 gold pieces.

Inventory:

Hand Weapons
 d - a +4 short sword
 e - a +1 scythe of venom (weapon)
Armour
 g - a cursed +0 robe
 h - a +0 ring mail (worn)
 i - a +2 pair of gloves (worn)
Jewellery
 a - an uncursed ring of wizardry {unknown}
Potions
 b - a potion of brilliance
Comestibles
 c - a royal jelly
 f - a meat ration


   Skills:
 + Level 4.4 Fighting
   Level 4.4 Long Blades
 + Level 0.8 Polearms
 + Level 3.0 Armour
 + Level 2.6 Dodging


You had 5 spell levels left.
You didn't know any spells.

Dungeon Overview and Level Annotations

Branches:
Dungeon (3/15)

Altars:


Message History

Trog accepts your kill. The gnoll barely misses you.
The gnoll closely misses you.
You barely miss the gnoll.
The gnoll hits you with a flail of protection!
The gnoll hits you with a flail of protection. x2
* * * LOW HITPOINT WARNING * * *
You closely miss the gnoll.
The gnoll hits you with a flail of protection.
* * * LOW HITPOINT WARNING * * *
The gnoll completely misses you.
You closely miss the gnoll. The gnoll misses you.
The gnoll hits you but does no damage.
You're still recovering from your berserk rage.
You hit the gnoll.
The gnoll is poisoned.
The gnoll is moderately wounded.
The gnoll closely misses you.
The gnoll hits you with a flail of protection!
* * * LOW HITPOINT WARNING * * *
The gnoll hits you with a flail of protection.
You die...

##...#.....
#.###.###. #.#..
# #.#.# ##.#.#
#....# ###
#.##.#
....###.##.#
......#.##@#
.........#g#####
######....g..l)#
#......###....
#.###..# ## ...
##..g ....#
#..... $...#
##....# ....
$####


You could see 2 gnolls.

Vanquished Creatures
  Sigmund (D:2)
  2 adders
  A gnoll (D:3)
  An ooze (D:1)
  A worm (D:3)
  A dart slug (D:2)
  2 leopard geckos (D:2)
  3 orcs (D:3)
  A ball python (D:3)
  A giant cockroach (D:1)
  2 hobgoblins (D:3)
  2 quokkas
  4 bats
  3 frilled lizards
  2 kobolds
  4 rats
31 creatures vanquished.

Notes
Turn   | Place    | Note
-------+----------+-------------------------------------------
     0 | D:1      | gauge632 the Human Berserker began the quest for the Orb.
     0 | D:1      | Reached XP level 1. HP: 18/18 MP: 1/1
    63 | D:1      | Reached XP level 2. HP: 24/24 MP: 2/2
   399 | D:2      | Noticed Sigmund
   418 | D:2      | Killed Sigmund
   418 | D:2      | Reached XP level 3. HP: 8/30 MP: 3/3
   418 | D:2      | Reached XP level 4. HP: 10/37 MP: 4/4
   418 | D:2      | Reached XP level 5. HP: 12/42 MP: 5/5
   682 | D:2      | Reached XP level 6. HP: 24/48 MP: 6/6
  1276 | D:3      | HP: 2/49 [gnoll/flail of protection (7)]
  1276 | D:3      | Slain by a gnoll

Vault maps used:
D:1:      nicolae_arrival_memento_mori
D:2:      zin_treasury, first_bread, chequers_big_river, uniq_sigmund
D:3:      kennysheep_cross_bottleneck

Skill      XL: |  1  2  3  4  5  6 |
---------------+-------------------+-----
Fighting       | 4 |  4.4
Long Blades    | 4 |  4.4
Armour         | 3 |  3.0
Polearms       | |  0.8
Dodging        | |  2.6

Action                   |  1- 3 |  4- 6 || total
-------------------------+-------+-------++-------
Melee: Falchion          |    37 |     2 ||    39
       Scythe            |       |    60 ||    60
Invok: Berserk           |     2 |     1 ||     3
  Use: Potion            |     3 |     1 ||     4
       Scroll            |     4 |     1 ||     5
  Eat: Bread ration      |     1 |       ||     1
Armor: Animal skin       |     2 |       ||     2
       Leather armour    |     9 |    10 ||    19
       Ring mail         |       |    18 ||    18
Dodge: Dodged            |    26 |    64 ||    90
       Rpst.: Falchion   |     4 |     1 ||     5
